| TOP OF THE 1ST |
|
Pulaski Yankees batting - Pitching for Texas (APP) Rangers : LHP Jose Cepero
|
|
Pitching: LHP Jose Cepero
|
|
|
Batting: RHB Bobby Melillo
|
0-0: Called Strike 0-1: Ball 1-1: Ball 2-1: Ball 3-1: Base on Balls
|
|
Batting: LHB Dan Morris
|
0-0: Ball 1-0: Foul Ball, location: 2F 1-1: Called Strike 1-2: Strikes out looking
|
|
Batting: SHB Blake Abbott
|
0-0: Ball 1-0: Ball 2-0: Ball 3-0: Base on Balls Bobby Melillo to second
|
|
Batting: RHB Mike Gifford
|
0-0: Foul Ball, location: 2F 0-1: Fly out, F9 (Line Drive, 9S, EV 103.1 MPH)
|
|
Batting: LHB Joel Vera
|
0-0: Foul Ball, location: 2F 0-1: Swinging Strike 0-2: Foul Ball, location: 2F 0-2: Strikes out swinging
|
| Top of the 1st over - 0 runs, 0 hits, 0 errors, 2 left on base; Pulaski 0 - Texas (APP) 0 |
| BOTTOM OF THE 1ST |
|
Texas (APP) Rangers batting - Pitching for Pulaski Yankees : LHP Arturo Eli
|
|
Pitching: LHP Arturo Eli
|
|
|
Batting: RHB Jay De Angelis
|
0-0: Ball 1-0: Swinging Strike 1-1: Called Strike 1-2: Ball 2-2: Strikes out swinging
|
|
Batting: LHB Walter Vegter
|
0-0: Ball 1-0: Ball 2-0: Ground out 4-3 (Groundball, 4, EV 83.1 MPH)
|
|
Batting: RHB Robby Adair
|
0-0: Called Strike 0-1: Ball 1-1: Swinging Strike 1-2: Ball 2-2: Strikes out swinging
|
| Bottom of the 1st over - 0 runs, 0 hits, 0 errors, 0 left on base; Pulaski 0 - Texas (APP) 0 |
| TOP OF THE 2ND |
|
Pulaski Yankees batting - Pitching for Texas (APP) Rangers : LHP Jose Cepero
|
|
Batting: SHB Victor Ruiz
|
0-0: Ball 1-0: Foul Ball, location: 2F 1-1: Ball 2-1: Swinging Strike 2-2: Ball 3-2: TRIPLE (Flyball, 9LD, EV 93.8 MPH)
|
|
Batting: RHB Johannes Gutermuth
|
0-0: Fly out, F5 (Line Drive, 5, EV 66.2 MPH) Lined into DP, U5 (Line Drive, 5, EV 68.8 MPH)
|
|
Batting: RHB Roberto Tena
|
0-0: Fly out, F9 (Flyball, 9S, EV 79.4 MPH)
|
| Top of the 2nd over - 0 runs, 1 hit, 0 errors, 0 left on base; Pulaski 0 - Texas (APP) 0 |
| BOTTOM OF THE 2ND |
|
Texas (APP) Rangers batting - Pitching for Pulaski Yankees : LHP Arturo Eli
|
|
Batting: RHB Ryan Pastore
|
0-0: Called Strike 0-1: Swinging Strike 0-2: Foul Ball, location: 2F 0-2: Ball 1-2: Ball 2-2: Strikes out swinging
|
|
Batting: RHB David Redman
|
0-0: Ball 1-0: Ball 2-0: Fly out, F7 (Flyball, 7D, EV 91.2 MPH)
|
|
Batting: RHB Matt Silva
|
0-0: Fly out, F3 (Flyball, 3D, EV 75.0 MPH)
|
| Bottom of the 2nd over - 0 runs, 0 hits, 0 errors, 0 left on base; Pulaski 0 - Texas (APP) 0 |
| TOP OF THE 3RD |
|
Pulaski Yankees batting - Pitching for Texas (APP) Rangers : LHP Jose Cepero
|
|
Batting: RHB Seth Rutz
|
0-0: Ball 1-0: Ball 2-0: Ball 3-0: Base on Balls
|
|
Batting: RHB Bobby Melillo
|
0-0: Called Strike 0-1: Ball 1-1: Ball 2-1: SINGLE (Groundball, 56D, EV 100.6 MPH) Seth Rutz to second
|
|
Batting: LHB Dan Morris
|
0-0: Swinging Strike 0-1: Ball 1-1: Ball Wild Pitch! Seth Rutz to third Bobby Melillo to second 2-1: Foul Ball, location: 2F 2-2: Ball 3-2: SINGLE (Groundball, 56S, EV 63.1 MPH) (infield hit) Seth Rutz scores Bobby Melillo to third
|
|
Batting: SHB Blake Abbott
|
0-0: Called Strike 0-1: Ball 1-1: Foul Ball, location: 2F 1-2: Foul Ball, location: 2F 1-2: Ball 2-2: Ball 3-2: Foul Ball, location: 2F 3-2: Foul Ball, location: 2F 3-2: Base on Balls Dan Morris to second
|
|
Batting: RHB Mike Gifford
|
0-0: Foul Ball, location: 2F 0-1: Foul Ball, location: 2F 0-2: Ball 1-2: Ball 2-2: Ball 3-2: Fly out, F9 (Flyball, 9LD, EV 103.8 MPH) Runner from 3rd tags up, SCORES, throw by RF Dan Morris to third
|
|
Batting: LHB Joel Vera
|
0-0: Called Strike 0-1: Ball 1-1: Swinging Strike 1-2: Ball 2-2: Strikes out swinging
|
|
Batting: SHB Victor Ruiz
|
0-0: Ball 1-0: Swinging Strike 1-1: Ball 2-1: Foul Ball, location: 2F 2-2: Ball 3-2: Base on Balls Blake Abbott to second
|
|
Batting: RHB Johannes Gutermuth
|
0-0: Ball Wild Pitch! Dan Morris scores Blake Abbott to third Victor Ruiz to second 1-0: Called Strike 1-1: Ball 2-1: Foul Ball, location: 2F 2-2: Strikes out swinging
|
| Top of the 3rd over - 3 runs, 2 hits, 0 errors, 2 left on base; Pulaski 3 - Texas (APP) 0 |
| BOTTOM OF THE 3RD |
|
Texas (APP) Rangers batting - Pitching for Pulaski Yankees : LHP Arturo Eli
|
|
Batting: SHB Mark Paquin
|
0-0: Ball 1-0: Foul Ball, location: 2F 1-1: Foul Ball, location: 2F 1-2: Strikes out swinging
|
|
Batting: RHB Rafael Tapia
|
0-0: Ball 1-0: Ground out 5-3 (Groundball, 56, EV 88.1 MPH)
|
|
Batting: LHB Tomoya Hashimoto
|
0-0: Ball 1-0: Called Strike 1-1: Ball 2-1: SINGLE (Line Drive, 8RS, EV 103.1 MPH)
|
|
Batting: RHB Jay De Angelis
|
0-0: Ball 1-0: SINGLE (Flyball, 4MD, EV 92.5 MPH) Tomoya Hashimoto to second
|
|
Batting: LHB Walter Vegter
|
0-0: Ground out U3 (Groundball, 3, EV 86.2 MPH)
|
| Bottom of the 3rd over - 0 runs, 2 hits, 0 errors, 2 left on base; Pulaski 3 - Texas (APP) 0 |
| TOP OF THE 4TH |
|
Pulaski Yankees batting - Pitching for Texas (APP) Rangers : LHP Jose Cepero
|
|
Pitching: RHP Logan Dietz
|
|
|
Batting: RHB Roberto Tena
|
0-0: Ball 1-0: Ball 2-0: SOLO HOME RUN (Line Drive, 7LD, EV 96.9 MPH), Distance : 351 ft
|
|
Batting: RHB Seth Rutz
|
0-0: Called Strike 0-1: SOLO HOME RUN (Line Drive, 7LD, EV 99.4 MPH), Distance : 361 ft
|
|
Batting: RHB Bobby Melillo
|
0-0: Ball 1-0: Foul Ball, location: 2F 1-1: Ball 2-1: Foul Ball, location: 2F 2-2: Foul Ball, location: 2F 2-2: Fly out, F6 (Popup, 6, EV 66.9 MPH)
|
|
Batting: LHB Dan Morris
|
0-0: Fly out, F8 (Line Drive, 8RD, EV 93.1 MPH)
|
|
Batting: SHB Blake Abbott
|
0-0: Ball 1-0: Ball 2-0: Foul Ball, location: 2F 2-1: SOLO HOME RUN (Flyball, 89XD, EV 103.1 MPH), Distance : 395 ft
|
|
Batting: RHB Mike Gifford
|
0-0: Ball 1-0: DOUBLE (Line Drive, 7LD, EV 110.0 MPH)
|
|
Batting: LHB Joel Vera
|
0-0: 2-RUN HOME RUN (Flyball, 78XD, EV 105.6 MPH), Distance : 405 ft
|
|
Pitching: LHP Tony Bravo
|
|
|
Batting: SHB Victor Ruiz
|
0-0: Ball 1-0: Called Strike 1-1: Called Strike 1-2: Hit by Pitch, AND HE CHARGES THE MOUND! The benches clear!
|
|
Pitching: LHP Chris Vachon
|
|
|
Pinch Runner at 1st Joe Fure:
|
|
|
Batting: RHB Johannes Gutermuth
|
0-0: Swinging Strike 0-1: Ball 1-1: SINGLE (Groundball, 4D, EV 108.8 MPH) Joe Fure to second
|
|
Batting: RHB Roberto Tena
|
0-0: DOUBLE (Groundball, 5L, EV 106.2 MPH) Joe Fure scores Johannes Gutermuth to third Runner from 3rd tries for Home, SAFE, throw by LF to home
|
|
Batting: RHB Seth Rutz
|
0-0: Ground out 5-3 (Groundball, 5S, EV 70.0 MPH)
|
| Top of the 4th over - 7 runs, 7 hits, 0 errors, 1 left on base; Pulaski 10 - Texas (APP) 0 |
| BOTTOM OF THE 4TH |
|
Texas (APP) Rangers batting - Pitching for Pulaski Yankees : LHP Arturo Eli
|
|
Now in CF: Joe Fure
|
|
|
Batting: RHB Robby Adair
|
0-0: Ball 1-0: Foul Ball, location: 2F 1-1: Fly out, F8 (Flyball, 8LM, EV 75.0 MPH)
|
|
Batting: RHB Ryan Pastore
|
0-0: Fly out, F5 (Popup, 25, EV 90.0 MPH)
|
|
Batting: RHB David Redman
|
0-0: Ball 1-0: Swinging Strike 1-1: Ball 2-1: Ground out 6-3 (Groundball, 6, EV 82.5 MPH)
|
| Bottom of the 4th over - 0 runs, 0 hits, 0 errors, 0 left on base; Pulaski 10 - Texas (APP) 0 |
| TOP OF THE 5TH |
|
Pulaski Yankees batting - Pitching for Texas (APP) Rangers : LHP Chris Vachon
|
|
Batting: RHB Bobby Melillo
|
0-0: Fly out, F9 (Flyball, 9S, EV 89.4 MPH)
|
|
Batting: LHB Dan Morris
|
0-0: Ball 1-0: Ground out 4-3 (Groundball, 4, EV 103.1 MPH)
|
|
Batting: SHB Blake Abbott
|
0-0: Ball 1-0: Ground out 5-3 (Groundball, 5S, EV 75.0 MPH)
|
| Top of the 5th over - 0 runs, 0 hits, 0 errors, 0 left on base; Pulaski 10 - Texas (APP) 0 |
| BOTTOM OF THE 5TH |
|
Texas (APP) Rangers batting - Pitching for Pulaski Yankees : LHP Arturo Eli
|
|
Batting: RHB Matt Silva
|
0-0: Swinging Strike 0-1: Ground out U3 (Groundball, 3, EV 86.2 MPH)
|
|
Batting: SHB Mark Paquin
|
0-0: Ball 1-0: Foul Ball, location: 2F 1-1: Ground out 5-3 (Groundball, 56, EV 103.8 MPH)
|
|
Batting: RHB Rafael Tapia
|
0-0: Ball 1-0: SINGLE (Groundball, 56D, EV 96.2 MPH)
|
|
Batting: LHB Tomoya Hashimoto
|
0-0: Ball 1-0: Ball 2-0: Fielders Choice at 2nd, 6-4 (Groundball, 6, EV 106.9 MPH)
|
| Bottom of the 5th over - 0 runs, 1 hit, 0 errors, 1 left on base; Pulaski 10 - Texas (APP) 0 |
| TOP OF THE 6TH |
|
Pulaski Yankees batting - Pitching for Texas (APP) Rangers : LHP Chris Vachon
|
|
Batting: RHB Mike Gifford
|
0-0: Called Strike 0-1: Foul Ball, location: 2F 0-2: Ground out U3 (Groundball, 34, EV 100.0 MPH)
|
|
Batting: LHB Joel Vera
|
0-0: Ball 1-0: Ball 2-0: Foul Ball, location: 2F 2-1: Called Strike 2-2: Ball 3-2: SINGLE (Groundball, 23, EV 70.6 MPH) (infield hit)
|
|
Batting: SHB Joe Fure
|
0-0: Ball 1-0: Called Strike 1-1: Foul Ball, location: 2F 1-2: Strikes out swinging
|
|
Batting: RHB Johannes Gutermuth
|
0-0: Ball 1-0: Fielders Choice at 2nd, 6-4 (Groundball, 56, EV 103.1 MPH)
|
| Top of the 6th over - 0 runs, 1 hit, 0 errors, 1 left on base; Pulaski 10 - Texas (APP) 0 |
| BOTTOM OF THE 6TH |
|
Texas (APP) Rangers batting - Pitching for Pulaski Yankees : LHP Arturo Eli
|
|
Batting: RHB Jay De Angelis
|
0-0: Ball 1-0: Ground out 6-3 (Groundball, 56, EV 81.9 MPH)
|
|
Batting: LHB Walter Vegter
|
0-0: Ground out 6-3 (Groundball, 6D, EV 85.0 MPH)
|
|
Batting: RHB Robby Adair
|
0-0: Swinging Strike 0-1: Foul Ball, location: 2F 0-2: SINGLE (Groundball, 34S, EV 75.6 MPH) (infield hit)
|
|
Batting: RHB Ryan Pastore
|
0-0: Called Strike 0-1: Ball 1-1: Ball 2-1: Ball 3-1: 2-RUN HOME RUN (Flyball, 9LD, EV 95.6 MPH), Distance : 342 ft
|
|
Batting: RHB David Redman
|
0-0: Ball 1-0: Called Strike 1-1: Swinging Strike 1-2: Ball 2-2: Ball 3-2: Foul Ball, location: 2F 3-2: Foul Ball, location: 2F 3-2: Foul Ball, location: 2F 3-2: Ground out 5-3 (Groundball, 56S, EV 85.0 MPH)
|
| Bottom of the 6th over - 2 runs, 2 hits, 0 errors, 0 left on base; Pulaski 10 - Texas (APP) 2 |
| TOP OF THE 7TH |
|
Pulaski Yankees batting - Pitching for Texas (APP) Rangers : LHP Chris Vachon
|
|
Batting: RHB Roberto Tena
|
0-0: Ground out 5-3 (Groundball, 5, EV 92.5 MPH)
|
|
Batting: RHB Seth Rutz
|
0-0: DOUBLE (Line Drive, 7LD, EV 100.6 MPH)
|
|
Pinch Hitting: SHB Eddie Trebelhorn
|
0-0: Called Strike 0-1: Ball 1-1: Ball 2-1: Ball 3-1: Base on Balls
|
|
Pitching: LHP Andy Huguet
|
|
|
Batting: LHB Dan Morris
|
0-0: Called Strike 0-1: Ball 1-1: Ball 2-1: Ball 3-1: Base on Balls Seth Rutz to third Eddie Trebelhorn to second
|
|
Batting: SHB Blake Abbott
|
0-0: Ball 1-0: Ball 2-0: Foul Ball, location: 2F 2-1: Foul Ball, location: 2F 2-2: Hit by Pitch Seth Rutz scores Eddie Trebelhorn to third Dan Morris to second
|
|
Batting: RHB Mike Gifford
|
0-0: Swinging Strike 0-1: Ball 1-1: Foul Ball, location: 2F 1-2: Ball 2-2: Foul Ball, location: 2F 2-2: Foul Ball, location: 2F 2-2: Foul Ball, location: 2F 2-2: Fly out, F6 (Flyball, 56D, EV 80.6 MPH)
|
|
Batting: LHB Joel Vera
|
0-0: Called Strike 0-1: Swinging Strike 0-2: Ball 1-2: Ball 2-2: Foul Ball, location: 2F 2-2: Ball 3-2: Ground out 4-3 (Groundball, 34, EV 97.5 MPH)
|
| Top of the 7th over - 1 run, 1 hit, 0 errors, 3 left on base; Pulaski 11 - Texas (APP) 2 |
| BOTTOM OF THE 7TH |
|
Texas (APP) Rangers batting - Pitching for Pulaski Yankees : LHP Arturo Eli
|
|
Now at 1B: Eddie Trebelhorn
|
|
|
Batting: RHB Matt Silva
|
0-0: Ball 1-0: Ball 2-0: Called Strike 2-1: Foul Ball, location: 2F 2-2: Ball 3-2: Base on Balls
|
|
Pitching: RHP David Sauers
|
|
|
Batting: SHB Mark Paquin
|
0-0: Called Strike 0-1: Swinging Strike 0-2: Foul Ball, location: 2F 0-2: Ball 1-2: Foul Ball, location: 2F 1-2: Strikes out swinging
|
|
Pinch Hitting: LHB Steven Frederick
|
0-0: Hit by Pitch Matt Silva to second
|
|
Pitching: LHP Steve Martin
|
|
|
Batting: LHB Tomoya Hashimoto
|
0-0: Swinging Strike 0-1: Called Strike 0-2: Ball 1-2: Strikes out swinging
|
|
Batting: RHB Jay De Angelis
|
0-0: Swinging Strike 0-1: Ball 1-1: Ball 2-1: Ball 3-1: Base on Balls Matt Silva to third Steven Frederick to second
|
|
Pinch Hitting: RHB Jordan Llanes
|
0-0: Ball 1-0: Foul Ball, location: 2F 1-1: Ball 2-1: GRAND SLAM HOME RUN (Flyball, 7LD, EV 93.1 MPH), Distance : 342 ft
|
|
Batting: RHB Robby Adair
|
0-0: Called Strike 0-1: SOLO HOME RUN (Flyball, 7D, EV 104.4 MPH), Distance : 377 ft
|
|
Pitching: RHP Bill Kaiser
|
|
|
Batting: RHB Ryan Pastore
|
0-0: Foul Ball, location: 2F 0-1: Ball 1-1: Swinging Strike 1-2: Ball 2-2: Strikes out swinging
|
| Bottom of the 7th over - 5 runs, 2 hits, 0 errors, 0 left on base; Pulaski 11 - Texas (APP) 7 |
| TOP OF THE 8TH |
|
Pulaski Yankees batting - Pitching for Texas (APP) Rangers : LHP Andy Huguet
|
|
Now at 2B: Alex Lopez
|
|
|
Now at SS: Mark Paquin
|
|
|
Now in CF: Jordan Llanes
|
|
|
Batting: SHB Joe Fure
|
0-0: Swinging Strike 0-1: Ball 1-1: Fly out, F9 (Flyball, 89S, EV 86.2 MPH)
|
|
Batting: RHB Johannes Gutermuth
|
0-0: Ball 1-0: Ball 2-0: Ball 3-0: Base on Balls
|
|
Batting: RHB Roberto Tena
|
0-0: Called Strike 0-1: Foul Ball, location: 2F 0-2: Ball 1-2: Ball Johannes Gutermuth steals 2nd base 2-2: Strikes out swinging
|
|
Batting: RHB Seth Rutz
|
0-0: Foul Ball, location: 2F 0-1: Ball 1-1: Ball 2-1: Ball 3-1: Foul Ball, location: 2F 3-2: Base on Balls
|
|
Batting: SHB Eddie Trebelhorn
|
0-0: Foul Ball, location: 2F 0-1: Reached via error on a dropped throw from SS, E4 (Groundball, 6, EV 108.1 MPH) Johannes Gutermuth to third Seth Rutz to second
|
|
Batting: LHB Dan Morris
|
0-0: Ball 1-0: Called Strike 1-1: Ball 2-1: Foul Ball, location: 2F 2-2: Foul Ball, location: 2F 2-2: Strikes out looking
|
| Top of the 8th over - 0 runs, 0 hits, 1 error, 3 left on base; Pulaski 11 - Texas (APP) 7 |
| BOTTOM OF THE 8TH |
|
Texas (APP) Rangers batting - Pitching for Pulaski Yankees : RHP Bill Kaiser
|
|
Batting: RHB David Redman
|
0-0: Foul Ball, location: 2F 0-1: Ball 1-1: Foul Ball, location: 2F 1-2: Foul Ball, location: 2F 1-2: Ground out 6-3 (Groundball, 6, EV 90.0 MPH)
|
|
Pinch Hitting: LHB Justin Wheelock
|
0-0: Ball 1-0: Ball 2-0: Foul Ball, location: 2F 2-1: Foul Ball, location: 2F 2-2: Ball 3-2: Foul Ball, location: 2F 3-2: Base on Balls
|
|
Batting: SHB Mark Paquin
|
0-0: Swinging Strike 0-1: Fielders Choice at 2nd, 6-4 (Groundball, 6, EV 111.9 MPH)
|
|
Pitching: RHP Travis Tate
|
|
|
Batting: RHB Alex Lopez
|
0-0: Ball 1-0: Ground out 4-3 (Groundball, 34, EV 104.4 MPH)
|
| Bottom of the 8th over - 0 runs, 0 hits, 0 errors, 1 left on base; Pulaski 11 - Texas (APP) 7 |
| TOP OF THE 9TH |
|
Pulaski Yankees batting - Pitching for Texas (APP) Rangers : LHP Andy Huguet
|
|
Pitching: LHP Ken Berger
|
|
|
Now in RF: Jeremy Palac
|
|
|
Batting: SHB Blake Abbott
|
0-0: Foul Ball, location: 2F 0-1: Foul Ball, location: 2F 0-2: Ball 1-2: Ball 2-2: Ball 3-2: Base on Balls
|
|
Batting: RHB Mike Gifford
|
0-0: Ball 1-0: Foul Ball, location: 2F 1-1: Ball 2-1: Foul Ball, location: 2F 2-2: Ball 3-2: Foul Ball, location: 2F 3-2: Foul Ball, location: 2F 3-2: Base on Balls Blake Abbott to second
|
|
Batting: LHB Joel Vera
|
0-0: Called Strike 0-1: Foul Ball, location: 2F 0-2: Strikes out swinging
|
|
Batting: SHB Joe Fure
|
0-0: Ball 1-0: Called Strike 1-1: Called Strike 1-2: Fly out, F9 (Line Drive, 9D, EV 93.8 MPH)
|
|
Batting: RHB Johannes Gutermuth
|
0-0: Foul Ball, location: 2F 0-1: Ball 1-1: Ball 2-1: Swinging Strike 2-2: Ball 3-2: Base on Balls Blake Abbott to third Mike Gifford to second
|
|
Batting: RHB Roberto Tena
|
0-0: Ball 1-0: Called Strike 1-1: Foul Ball, location: 2F 1-2: Ball 2-2: Ball 3-2: Foul Ball, location: 2F 3-2: Foul Ball, location: 2F 3-2: Base on Balls Blake Abbott scores Mike Gifford to third Johannes Gutermuth to second
|
|
Batting: RHB Seth Rutz
|
0-0: Foul Ball, location: 2F 0-1: Ball 1-1: GRAND SLAM HOME RUN (Flyball, 78XD, EV 103.8 MPH), Distance : 415 ft
|
|
Pitching: RHP Tim Laverty
|
|
|
Batting: SHB Eddie Trebelhorn
|
0-0: Called Strike 0-1: Ball 1-1: Foul Ball, location: 2F 1-2: Ball 2-2: Ball 3-2: Base on Balls
|
|
Batting: LHB Dan Morris
|
0-0: Ball 1-0: Called Strike 1-1: Ball 2-1: Ball 3-1: Base on Balls Eddie Trebelhorn to second
|
|
Pinch Hitting: RHB Graham Murphy
|
0-0: Ball 1-0: Ball 2-0: Called Strike 2-1: Ball 3-1: Base on Balls Eddie Trebelhorn to third Dan Morris to second
|
|
Batting: RHB Mike Gifford
|
0-0: Swinging Strike 0-1: Ball 1-1: Ball 2-1: Swinging Strike 2-2: Foul Ball, location: 2F 2-2: Strikes out swinging
|
| Top of the 9th over - 5 runs, 1 hit, 0 errors, 3 left on base; Pulaski 16 - Texas (APP) 7 |
| BOTTOM OF THE 9TH |
|
Texas (APP) Rangers batting - Pitching for Pulaski Yankees : RHP Travis Tate
|
|
Now in LF: Graham Murphy
|
|
|
Batting: LHB Tomoya Hashimoto
|
0-0: Fly out, F6 (Popup, 6MS, EV 71.9 MPH)
|
|
Batting: RHB Jay De Angelis
|
0-0: Ball 1-0: Ball 2-0: Ball 3-0: Called Strike 3-1: SOLO HOME RUN (Flyball, 7D, EV 97.5 MPH), Distance : 383 ft
|
|
Batting: RHB Jordan Llanes
|
0-0: Called Strike 0-1: Ball 1-1: Called Strike 1-2: Strikes out swinging
|
|
Batting: RHB Robby Adair
|
0-0: Ball 1-0: Called Strike 1-1: Called Strike 1-2: Foul Ball, location: 2F 1-2: Foul Ball, location: 2F 1-2: Strikes out swinging
|
| Bottom of the 9th over - 1 run, 1 hit, 0 errors, 0 left on base; Pulaski 16 - Texas (APP) 8 |
|